 Dungeon Crawl Stone Soup version 0.32-a0-172-gc5dd13f2a7 (webtiles) character file.

Game seed: 7244396402203407106

816 lunkers the Gusty (level 7, 0/59 HPs)
             Began as an Oni Air Elementalist on Feb 12, 2024.
             Was a Follower of Vehumet.
             Slain by an ogre
             ... wielding a +0 giant club
              (21 damage)
             ... on level 6 of the Dungeon on Feb 13, 2024.
             The game lasted 00:07:17 (6056 turns).

lunkers the Gusty (Oni Air Elementalist)            Turns: 6056, Time: 00:07:18

Health: 0/59       AC:  5    Str: 13    XL:     7   Next: 94%
Magic:  6/15       EV:  9    Int: 18    God:    Vehumet [*.....]
Gold:   267        SH:  0    Dex:  9    Spells: 7/17 levels left

rFire   . . .        p - +4 quarterstaff (chaos)
rCold   . . .        (shield currently unavailable)
rNeg    . . .        e - +0 robe
rPois   .            (helmet restricted)
rElec   .            q - +1 cloak
rCorr   .            (gloves unavailable)
SInv    .            (boots unavailable)
Will    .....        (no amulet)
Stlth   +            (no ring)
HPRegen 0.29/turn    (no ring)
MPRegen 0.14/turn

%: no passive effects
@: swift, very quick
A: large, unfitting armour, horns 1, tough skin 1, double potion healing,
drunken brawling
a: Renounce Religion


You were on level 6 of the Dungeon.
You worshipped Vehumet.
Vehumet was aware of your devotion.
You visited 1 branch of the dungeon, and saw 6 of its levels.

You collected 267 gold pieces.

Inventory:

Hand Weapons
 a - a +1 dagger of flaming
 p - a +4 quarterstaff of chaos (weapon)
Missiles
 v - 2 throwing nets
Armour
 e - a +0 robe (worn)
 q - a +1 cloak (worn)
Wands
 t - a wand of iceblast (17)
Scrolls
 d - a scroll of revelation
 f - 2 scrolls of vulnerability
 j - 2 scrolls of teleportation
 k - 2 scrolls of enchant weapon
 n - 3 scrolls of identify {unknown}
 r - a scroll of noise {unknown}
 s - a scroll of blinking {unknown}
 w - a scroll of fear {unknown}
Potions
 b - 2 potions of magic
 c - a potion of mutation {unknown}
 h - 3 potions of cancellation {unknown}
 i - 4 potions of enlightenment {unknown}
 l - 2 potions of curing {unknown}
 o - 2 potions of attraction {unknown}
 u - a potion of berserk rage {unknown}


   Skills:
 - Level 1.7 Dodging
 - Level 1.4 Stealth
 + Level 5.9 Spellcasting
 - Level 0.8 Conjurations
 * Level 7.0 Air Magic


You had 7 spell levels left.
You knew the following spells:

 Your Spells              Type           Power      Damage    Failure   Level
a - Shock                 Conj/Air       76%        1d7       2%          1
b - Static Discharge      Conj/Air       38%        3-5/arc   3%          2
c - Airstrike             Air            15%        2d(3-19)  7%          4
d - Swiftness             Air            30%        N/A       1%          3

Your spell library contained the following spells:

 Spells                   Type           Power      Damage    Failure   Level
 Sting                    Conj/Alch      24%        1d4       11%         1
 Mercury Vapours          Alch/Air       34%        N/A       4%          2
 Magic Dart               Conj           32%        1d4       9%          1
 Slow                     Hex            20%        N/A       12%         1
 Mephitic Cloud           Conj/Alch/Air  14%        N/A       12%         3
 Blink                    Tloc           10%        N/A       19%         2
 Call Imp                 Summ           10%        N/A       19%         2
 Call Canine Familiar     Summ           5%         N/A       36%         3
 Confusing Touch          Hex            5%         N/A       36%         3
 Sigil of Binding         Hex            5%         N/A       36%         3
 Vampiric Draining        Necr           5%         2d6       36%         3
 Freezing Cloud           Conj/Ice/Air   7%         6-21      75%         5
 Dimensional Bullseye     Hex/Tloc       2%         N/A       77%         4


Dungeon Overview and Level Annotations

Branches:
Dungeon (6/15)
 Temple: D:4-7

Altars:
Cheibriados
Elyvilon
Hepliaklqana
Okawaru
Ru
Trog
Vehumet
Wu Jian


Innate Abilities, Weirdness & Mutations

You are too large for most types of armour.
You have a pair of small horns on your head.
You have tough skin. (AC +1)
You gain doubled healing and magic from potions.
Whenever you drink a healing potion, you attack all around you.


Message History

The ogre is moderately wounded.
The iguana is struck by an arc of lightning.
The iguana is heavily wounded.
You are struck by an arc of lightning.
The lightning grounds out.
The iguana is struck by an arc of lightning.
The iguana is heavily wounded.
You are struck by an arc of lightning.
The iguana is struck by an arc of lightning.
The iguana is severely wounded.
The ogre is struck by an arc of lightning.
The ogre is moderately wounded.
The lightning grounds out.
The iguana hisses menacingly.
The iguana bites you!
The ogre hits you with a +0 giant club!!
* * * LOW HITPOINT WARNING * * *
Casting: Static Discharge (safe; 3% risk of failure)
Confirm with . or Enter, or press ? or * to list all spells.
The ogre is struck by an arc of lightning!
The ogre is severely wounded.
You are struck by an arc of lightning.
* * * LOW HITPOINT WARNING * * *
The lightning grounds out.
The iguana is struck by an arc of lightning.
The iguana is almost dead.
The ogre is struck by an arc of lightning.
The ogre is almost dead.
The iguana is struck by an arc of lightning.
You kill the iguana!
Vehumet accepts your kill.
The lightning grounds out.
Your Air Magic skill increases to level 7!
Unknown command.
Unknown command.
Unknown command.
Casting: Static Discharge (safe; 3% risk of failure)
Confirm with . or Enter, or press ? or * to list all spells.
You feel quick.
The ogre hits you with a +0 giant club!!
You die...

##### . ###...###.#
##....:....#
##........... #
###............ . #.
##.....?@†......
..#.##........O.....♣
.....#...............
#.................~
###................
##.............♣♣
##.............♣
#..<...........
#..........


You could see an ogre.

Vanquished Creatures
  An ogre (D:4)
  A centaur (D:5)
  Blork the orc (D:5)
  2 scorpions
  A howler monkey (D:4)
  A bombardier beetle (D:3)
  Crazy Yiuf (D:3)
  2 hounds (D:5)
  6 iguanas
  6 adders
  3 gnolls (D:5)
  2 dart slugs
  3 orcs
  4 ball pythons
  4 bats
  9 endoplasms
  2 giant cockroaches
  7 goblins
  5 hobgoblins
  4 jackals (D:3)
  5 quokkas
  3 frilled lizards
  7 kobolds
  5 rats
  A spectral goblin (D:5)
86 creatures vanquished.

Notes
Turn   | Place    | Note
-------+----------+-------------------------------------------
     0 | D:1      | lunkers the Oni Air Elementalist began the quest for the
                  | Orb.
     0 | D:1      | Reached XP level 1. HP: 16/16 MP: 3/3
   328 | D:1      | Reached skill level 3 in Air Magic
   500 | D:1      | Reached XP level 2. HP: 24/24 MP: 3/5
   618 | D:1      | Found a faded altar of an unknown god.
  1465 | D:2      | Reached XP level 3. HP: 30/31 MP: 1/7
  2209 | D:2      | Learned a level 2 spell: Static Discharge
  2399 | D:3      | Reached XP level 4. HP: 33/39 MP: 1/9
  2828 | D:3      | Reached skill level 4 in Air Magic
  3227 | D:3      | Found an ornate altar of the Wu Jian Council.
  3230 | D:3      | Found a white marble altar of Elyvilon.
  3233 | D:3      | Found an iron altar of Okawaru.
  3234 | D:3      | Found a radiant altar of Vehumet.
  3237 | D:3      | Found a sacrificial altar of Ru.
  3238 | D:3      | Found a snail-covered altar of Cheibriados.
  3246 | D:3      | Became a worshipper of Vehumet
  3318 | D:3      | Found a runed translucent door.
  3319 | D:3      | Noticed Crazy Yiuf
  3448 | D:3      | Killed Crazy Yiuf
  3449 | D:3      | Reached XP level 5. HP: 25/45 MP: 0/10
  3652 | D:4      | Learned a level 4 spell: Airstrike
  3656 | D:4      | Learned a level 3 spell: Swiftness
  3986 | D:4      | Noticed an ogre
  3995 | D:4      | Killed an ogre
  3996 | D:4      | Reached skill level 5 in Air Magic
  3996 | D:4      | Reached XP level 6. HP: 43/53 MP: 1/12
  4706 | D:5      | Entered Level 5 of the Dungeon
  4838 | D:5      | Reached skill level 5 in Spellcasting
  4838 | D:5      | Reached skill level 6 in Air Magic
  4838 | D:5      | Reached XP level 7. HP: 15/59 MP: 7/14
  5148 | D:5      | Found a bloodstained altar of Trog.
  5603 | D:5      | Found a hazy altar of Hepliaklqana.
  5742 | D:5      | Noticed Blork the orc
  5746 | D:5      | Killed Blork the orc
  5844 | D:5      | Reached * piety under Vehumet
  5844 | D:5      | Offered knowledge of Sting by Vehumet.
  6056 | D:6      | Reached skill level 7 in Air Magic
  6056 | D:6      | Slain by an ogre

Illustrated notes

Levels and vault maps discovered:
D:1:      minmay_arrival_shoal_huts, layout_basic,
          hellmonk_ecumenical_altar_zigzags
D:2:      layout_basic, nrook_campfire, minmay_distorted
D:3:      layout_loops_ring, minitemple, uniq_crazy_yiuf_cottage
D:4:      nicolae_cairo_tiling_very_big, layout_basic, chequers_jeans,
          nicolae_letterblocks [nicolae_letter_subblock,
          nicolae_letter_subblock, nicolae_letter_subblock,
          nicolae_letter_subblock, nicolae_letter_subblock,
          nicolae_letter_subblock, nicolae_letter_subblock,
          nicolae_letter_subblock, nicolae_letter_subblock,
          nicolae_letter_subblock, nicolae_letter_subblock,
          nicolae_letter_subblock, nicolae_letter_subblock,
          nicolae_letter_subblock, nicolae_letter_subblock,
          nicolae_letter_subblock, nicolae_letter_subblock,
          nicolae_letter_subblock, nicolae_letter_subblock,
          nicolae_letter_subblock, nicolae_letter_subblock,
          nicolae_letter_subblock, nicolae_letter_subblock,
          nicolae_letter_subblock, nicolae_letter_subblock]
D:5:      layout_basic, nicolae_hepliaklqana_monster_ancestors,
          old_standard_altar, minmay_holes, uniq_blork_the_orc
D:6:      layout_cave_pods, lemuel_blue_sif_altar, serial_park,
          serial_park_square3 [serial_park_minivault_5x5_2], serial_park_tiny_2,
          serial_park_tiny_2, serial_park_square3 [serial_park_minivault_5x5_2],
          minmay_fire_ice_demons

Skill      XL: |  1  2  3  4  5  6  7 |
---------------+----------------------+-----
Air Magic      | 3 4 5 6 7 |  7.0
Spellcasting   | 3 4 5 |  5.9
Dodging        | |  1.7
Stealth        | |  1.4
Conjurations   | |  0.8

Action                     |  1- 3 |  4- 6 |  7- 9 || total
---------------------------+-------+-------+-------++-------
  Melee: Dagger            |    16 |       |       ||    16
         Headbutt          |     3 |     1 |     1 ||     5
         Quarterstaff      |       |     9 |     7 ||    16
   Cast: Shock             |    88 |    75 |    40 ||   203
         Static Discharge  |       |    20 |    12 ||    32
         Airstrike         |       |       |     4 ||     4
         Swiftness         |       |       |     2 ||     2
    Use: Scroll            |       |       |     6 ||     6
   Stab: Sleeping          |       |     1 |       ||     1
 Armour: Robe              |    35 |    53 |    33 ||   121
  Dodge: Dodged            |    19 |    13 |     6 ||    38

Table legend: (Time is in decaauts)
 A = Elapsed time spent in this place.
 B = Non-inter-level travel time spent in this place.
 C = Inter-level travel time spent in this place.
 D = Time resting spent in this place.
 E = Time spent auto-exploring this place.
 F = Levels seen in this place.
 G = Mean time per level.
                   A        B        C        D        E       F      G
               +--------+--------+--------+--------+--------+-----+--------+
         Total |   6058 |   5850 |    208 |      0 |   5259 |   6 | 1009.7 |
       Dungeon |   6058 |   5850 |    208 |      0 |   5259 |   6 | 1009.7 |
               +--------+--------+--------+--------+--------+-----+--------+

Top non-repeatable levels by time:
     D:5: 1332 daAuts
     D:1: 1307 daAuts
     D:3: 1252 daAuts
     D:4: 1124 daAuts
     D:2: 1022 daAuts
     D:6: 18 daAuts
